 Dungeon Crawl Stone Soup version 0.19.4-10-g532645f (webtiles) character file.

33 Lostpass the Grasshopper (level 3, -2/24 HPs)
             Began as a Halfling Warper on Feb 26, 2017.
             Slain by an adder (5 damage)
             ... on level 2 of the Dungeon.
             The game lasted 00:09:57 (1192 turns).

Lostpass the Grasshopper (Halfling Warper)          Turns: 1192, Time: 00:09:58

Health: -2/24      AC:  3    Str: 12    XL:     3   Next: 47%
Magic:  4/5        EV: 14    Int: 12    God:
Gold:   48         SH:  0    Dex: 13    Spells: 2 memorised, 1 level left

rFire  . . .     SeeInvis .     a - +0 short sword
rCold  . . .     Gourm    .     b - +0 leather armour
rNeg   . . .     Faith    .     (shield restricted)
rPois  .         Spirit   .     (no helmet)
rElec  .         Reflect  .     (no cloak)
rCorr  .         Harm     .     (no gloves)
MR     .....                    (no boots)
Stlth  +.........               (no amulet)
                                (no ring)
                                (no ring)

@: no status effects
A: mutation resistance 1
a: no special abilities


You were on level 2 of the Dungeon.
You were not hungry.

You visited 1 branch of the dungeon, and saw 2 of its levels.

You collected 48 gold pieces.

Inventory:

Hand Weapons
 a - a +0 short sword (weapon)
 j - a +0 short sword
Missiles
 e - 5 tomahawks of dispersal
 l - 6 stones (quivered)
 n - 8 sling bullets
Armour
 b - a +0 leather armour (worn)
Scrolls
 d - a scroll of blinking
 g - a scroll of fear {unknown}
 k - a scroll of teleportation {unknown}
 o - a scroll of identify {unknown}
Potions
 m - a potion of brilliance {unknown}
Books
 c - a book of Spatial Translocations

   Spells                             Type                      Level
   a - Blink                          Translocation                2
   b - Shroud of Golubria             Charms/Translocation         2
   c - Lesser Beckoning               Translocation                3
   d - Portal Projectile              Translocation                3
   e - Teleport Other                 Translocation                3
   f - Passage of Golubria            Translocation                4
Comestibles
 f - a bread ration
 h - a chunk of flesh
 i - a meat ration


   Skills:
 + Level 2.0 Fighting
 + Level 2.9 Short Blades
 + Level 1.3 Throwing
 + Level 1.3 Armour
 + Level 2.5 Dodging
 + Level 1.8 Spellcasting
 + Level 0.4 Charms
 + Level 3.3 Translocations


You had one spell level left.
You knew the following spells:

 Your Spells              Type           Power        Failure   Level  Hunger
a - Blink                 Tloc           N/A          17%         2    ###....
b - Shroud of Golubria    Chrm/Tloc      #.........   28%         2    ###....


Dungeon Overview and Level Annotations

Branches:
Dungeon (2/15)

Altars:


Innate Abilities, Weirdness & Mutations

You are small and have problems with some larger weapons.
You are somewhat resistant to further mutation.


Message History

The adder closely misses you. x2
You miss the adder.
The adder is severely wounded.
The adder closely misses you.
You hit the adder but do no damage.
The adder is severely wounded.
The adder bites you.
* * * LOW HITPOINT WARNING * * *
You hit the adder.
The adder is almost dead.
The adder closely misses you.
You barely miss the adder.
The adder is almost dead.
Your shroud unravels.
The adder bites you but does no damage. The adder bites you.
* * * LOW HITPOINT WARNING * * *
You barely miss the adder.
The adder is almost dead.
The adder bites you.
You die...

....... .......
....... .......
....... .......
########.......
#.....@Sl......
#.....##.......
#.....# #######
#.....###### ####
##.......... ....
#.....########## ....
#.............<#+#..#.
#....#................
###+##................


You could see an adder and a frilled lizard.

Vanquished Creatures
  A worm (D:2)
  A dart slug (D:1)
  2 bats (D:1)
  A giant cockroach (D:1)
  3 goblins (D:1)
  2 hobgoblins (D:1)
  5 jackals (D:1)
  A ball python (D:1)
  3 frilled lizards (D:1)
  4 kobolds (D:1)
  4 rats (D:1)
27 creatures vanquished.

Notes
Turn   | Place    | Note
-------+----------+-------------------------------------------
     0 | D:1      | Lostpass the Halfling Warper began the quest for the Orb.
     0 | D:1      | Reached XP level 1. HP: 14/14 MP: 3/3
   122 | D:1      | Reached XP level 2. HP: 18/19 MP: 4/4
   126 | D:1      | Learned a level 2 spell: Blink
   129 | D:1      | Learned a level 2 spell: Shroud of Golubria
   556 | D:1      | Reached XP level 3. HP: 17/24 MP: 2/5
  1192 | D:2      | Slain by an adder

Skill      XL: |  1  2 |
---------------+-------+-----
Fighting       | 2 |  2.0
Short Blades   | |  2.9
Throwing       | |  1.3
Armour         | |  1.3
Dodging        | |  2.5
Spellcasting   | |  1.8
Charms         | |  0.4
Translocations | |  3.3

Action                   || total
-------------------------++-------
Melee: Short sword       ||   129
Throw: Stone             ||    14
 Cast: Shroud of Golubri ||     9
  Eat: Chunk             ||     2
Armor: Leather armour    ||    27
Dodge: Dodged            ||    87
